 Dungeon Crawl Stone Soup version 0.28.0-47-ge53b351184 (webtiles) character file.

Game seed: 17525079677495003489

219 CryoSword the Charlatan (level 5, -2/41 HPs)
             Began as a Ghoul Artificer on May 8, 2022.
             Slain by Menkaure (11 damage)
             ... on level 4 of the Dungeon.
             The game lasted 00:06:18 (3992 turns).

CryoSword the Charlatan (Ghoul Artificer)           Turns: 3992, Time: 00:06:18

Health: -2/41      AC:  5    Str: 16    XL:     5   Next: 96%
Magic:  4/4        EV: 11    Int:  8    God:
Gold:   62         SH:  0    Dex: 15    Spells: 4/4 levels left

rFire   . . .      SeeInvis .   w - +2 whip (elec)
rCold   + . .      Faith    .   (no shield)
rNeg    + + +      Spirit   .   a - +0 ring mail
rPois   ∞          Reflect  .   (no helmet)
rElec   .          Harm     .   (no cloak)
rCorr   .          Rampage  .   (no gloves)
Will    .....                   (no boots)
Stlth   +.........              (no amulet)
HPRegen 0.00/turn               l - +6 ring of dexterity
MPRegen 0.09/turn               (no ring)

@: inhibited regen
A: claws 1, cold resistance 1, negative energy resistance 3, inhibited
regeneration, torment resistance 2
a: no special abilities


You were on level 4 of the Dungeon.
You visited 1 branch of the dungeon, and saw 4 of its levels.

You collected 122 gold pieces.
You spent 60 gold pieces at shops.

Inventory:

Hand Weapons
 w - a +2 whip of electrocution (weapon)
   (You took it off an orc on level 3 of the Dungeon)
Missiles
 b - 3 poisoned darts
 o - 5 javelins
 q - 5 boomerangs (quivered)
 s - a throwing net
Armour
 a - a +0 ring mail (worn)
   (You took it off an orc on level 3 of the Dungeon)
Jewellery
 l - a +6 ring of dexterity (left claw)
   (You found it on level 1 of the Dungeon)
Wands
 c - a wand of flame (10)
 d - a wand of charming (13)
Scrolls
 e - a scroll of teleportation {unknown}
 j - a scroll of blinking {unknown}
 m - 2 scrolls of identify {unknown}
 r - a scroll of fog
Potions
 f - 2 potions of attraction {unknown}
 g - 2 potions of curing {@q1}
 h - a potion of degeneration {unknown}
 i - a potion of mutation {unknown}
 k - a potion of brilliance {unknown}
 n - 2 potions of ambrosia {unknown}
 p - a potion of heal wounds {unknown}
Miscellaneous
 V - a piece from Xom's chessboard (8/15)


   Skills:
 - Level 2.3 Fighting
 - Level 0.8 Short Blades
 + Level 2.3 Maces & Flails
 - Level 0.6 Throwing
 - Level 2.4 Armour
 - Level 1.8 Dodging
 - Level 2.5 Stealth
 - Level 3.2 Evocations


You had 4 spell levels left.
You didn't know any spells.
Your spell library contained the following spells:

 Spells                   Type           Power      Damage    Failure   Level
 Shock                    Conj/Air       0%         1d3       63%         1
 Swiftness                Air            0%         N/A       94%         3
 Airstrike                Air            0%         N/A       100%        4
 Leda's Liquefaction      Hex/Erth       0%         N/A       100%        4
 Lee's Rapid Deconstruct  Erth           0%         3d5*      100%        5
 Statue Form              Tmut/Erth      Unusable   N/A       N/A         6

Dungeon Overview and Level Annotations

Branches:
Dungeon (4/15)
 Temple: D:4-7

Altars:
Nemelex Xobeh

Shops:
D:3 *

Annotations:
D:4 Menkaure


Innate Abilities, Weirdness & Mutations

You thrive by killing the living.
You are immune to poison.
You have sharp fingernails.
Your flesh is cold resistant. (rC+)
You are immune to negative energy. (rN+++)
You do not regenerate when monsters are visible.
You are immune to unholy pain and torment.


Message History

You kill the adder!
Your piece from Xom's chessboard (8/15) has regained one charge.
No target in view!
There is an open door here.
There is a stone staircase leading down here.
Could not explore, unopened door.
Could not explore, unopened door.
You open the door.
There is an open door here.
There is a stone staircase leading up here.
There is a stone staircase leading up here.
Could not explore, unopened door.
You open the door.
A rat comes into view.
A rat is nearby!
A rat is nearby!
There is an open door here.
The rat bites you but does no damage.
You hit the rat but do no damage. Lightning courses through the rat!
You kill the rat!
No target in view!
Could not explore, unopened door.
You open the door.
A giant cockroach comes into view.
A giant cockroach is nearby!
A giant cockroach is nearby!
There is an open door here.
An adder comes into view.
The helpless giant cockroach fails to defend itself.
You whack the giant cockroach!
Lightning courses through the giant cockroach!
You kill the giant cockroach!
The adder closely misses you.
Your Maces & Flails skill increases to level 2!
You closely miss the adder. The adder closely misses you.
The adder barely misses you.
You whack the adder! The adder barely misses you.
You hit the adder. The adder closely misses you.
You barely miss the adder. The adder closely misses you.
The adder barely misses you.
You hit the adder. The adder closely misses you.
You hit the adder.
You kill the adder!
No target in view!
A goblin comes into view. It is wielding a +0 dagger.
A goblin is nearby!
A goblin is nearby!
You hit the goblin. The goblin barely misses you.
You whack the goblin!
You kill the goblin!
No target in view!
Found an escape hatch in the floor.
There is an escape hatch in the floor here.
There is an open door here.
Could not explore, unopened door.
As you open the door, it creaks loudly!
There is an open door here.
Done exploring.
Done exploring.
Done exploring.
There is an open door here.
There is a stone staircase leading down here.
You climb downwards.
There is a stone staircase leading up here.
An adder comes into view.
The adder hisses angrily.
An adder is nearby!
You hit the adder. The adder barely misses you.
The adder bites you but does no damage.
You barely miss the adder. The adder closely misses you.
You miss the adder. The adder barely misses you.
You hit the adder. The adder bites you but does no damage.
You closely miss the adder. The adder barely misses you. x2
You miss the adder. The adder bites you but does no damage.
You closely miss the adder. The adder closely misses you.
You hit the adder.
You kill the adder!
There is an escape hatch in the floor here.
A quokka comes into view.
A quokka is nearby!
A quokka is nearby!
You hit the quokka.
You kill the quokka!
No target in view!
You see here a quokka corpse.
f - 2 silvery potions (gained 1)
Things that are here:
a +0 chain mail; a +0 club
Things that are here:
a +0 chain mail; a +0 club
Things that are here:
a +0 leather armour; a +0 dagger; an orc skeleton
Found an escape hatch in the ceiling.
A dart slug comes into view.
A dart slug is nearby!
A dart slug is nearby!
The dart slug closely misses you.
You hit the dart slug but do no damage. You hit the dart slug.
Lightning courses through the dart slug!
You kill the dart slug!
You see here a dart slug corpse.
Done exploring.
No target in view!
Done exploring.
Done exploring.
Done exploring.
No target in view!
The floor.
You can't go down here!
Unknown command.
There is a stone staircase leading down here.
You climb downwards.
There is a stone staircase leading up here.
Found a stone staircase leading up.
You now have 50 gold pieces (gained 13).
You now have 62 gold pieces (gained 12).
s - a throwing net Could not explore, unopened door.
There is a stone staircase leading up here.
You climb upwards.
There is a stone staircase leading down here.
You can't go up here!
There is an escape hatch in the ceiling here.
A mysterious force pulls you upwards. The hatch slams shut behind you.
Done exploring.
Done exploring.
There is a stone staircase leading down here.
You climb downwards.
There is a stone staircase leading up here.
Done exploring.
Done exploring.
There is a stone staircase leading down here.
You climb downwards.
There is a stone staircase leading up here.
Found 21 stones.
You see here 21 stones.
Menkaure, Prince of Dust comes into view.
Found a stone staircase leading down.
Menkaure shouts!
You hit Menkaure but do no damage. Menkaure hits you!
You barely miss Menkaure. You barely miss Menkaure.
Menkaure hits you but does no damage.
You hit Menkaure.
Menkaure gestures wildly while chanting.
Menkaure seems to speed up.
You barely miss Menkaure. Menkaure hits you!!
* * * LOW HITPOINT WARNING * * *
Menkaure hits you!
You die...

##+## #..###.#
#.# #..# #.# #.#
#..###.# ##.##
#......#
###...##
##.##### ......#
#.# #..># #####
#.#
#..####...####.#
#..M@..........#
##.####...######
#.# ##### #.#
#.# #.# #.# #.#


You could see Menkaure (fast).

Vanquished Creatures
  A hound (D:3)
  2 orc priests (D:3)
  7 adders
  2 dart slugs
  5 orcs (D:3)
  3 ball pythons
  10 endoplasms
  3 giant cockroaches
  3 goblins
  4 hobgoblins
  6 quokkas
  3 bats
  3 frilled lizards
  2 kobolds
  3 rats
57 creatures vanquished.

Vanquished Creatures (collateral kills)
  An orc (D:3)
  A hobgoblin (D:1)
2 creatures vanquished.

Grand Total: 59 creatures vanquished

Notes
Turn   | Place    | Note
-------+----------+-------------------------------------------
     0 | D:1      | CryoSword the Ghoul Artificer began the quest for the Orb.
     0 | D:1      | Reached XP level 1. HP: 16/16 MP: 0/0
    73 | D:1      | Reached skill level 1 in Dodging
   518 | D:1      | Reached XP level 2. HP: 18/23 MP: 1/1
  1128 | D:1      | Reached XP level 3. HP: 29/29 MP: 2/2
  1433 | D:2      | Reached skill level 3 in Evocations
  2135 | D:2      | You fall into a shaft and drop 1 floor!
  2168 | D:3      | Found a faded altar of an unknown god.
  2268 | D:3      | Reached XP level 4. HP: 20/36 MP: 3/3
  2453 | D:3      | Reached XP level 5. HP: 11/41 MP: 4/4
  2815 | D:3      | Found Weutaug's General Store.
  2869 | D:3      | Bought a potion of curing for 36 gold pieces
  2869 | D:3      | Bought a scroll of fog for 24 gold pieces
  3103 | D:3      | Reached skill level 1 in Maces & Flails
  3256 | D:3      | Found a sparkling altar of Nemelex Xobeh.
  3984 | D:4      | Noticed Menkaure
  3992 | D:4      | Slain by Menkaure

Illustrated notes

Levels and vault maps discovered:
D:1:      eino_arrival_cavern_a, layout_basic, st_stairs_7
D:2:      layout_loops_corners
D:3:      layout_loops_ring, mainiacjoe_overflow_brackets, serial_shops, shop,
          basic_ecumenical_altar
D:4:      layout_loops_corners, uniq_menkaure

Skill      XL: |  1  2  3  4  5 |
---------------+----------------+-----
Dodging        | 1 |  1.8
Armour         | 2 |  2.4
Evocations     | 3 |  3.2
Stealth        | 2 |  2.5
Fighting       | 2 |  2.3
Maces & Flails | 2 |  2.3
Short Blades   | |  0.8
Throwing       | |  0.6

Action                   |  1- 3 |  4- 6 || total
-------------------------+-------+-------++-------
Melee: Club              |    25 |       ||    25
       Dagger            |    93 |    38 ||   131
       Whip              |       |    44 ||    44
       Punch             |       |     1 ||     1
Throw: Boomerang         |       |     2 ||     2
Evoke: Wand              |     6 |     1 ||     7
       Piece from Xom's  |     7 |     8 ||    15
 Stab: Sleeping          |     4 |     3 ||     7
       Petrifying        |     2 |       ||     2
       Paralysed         |       |     1 ||     1
Armor: Leather armour    |    24 |     3 ||    27
       Ring mail         |       |     9 ||     9
Dodge: Dodged            |    62 |    42 ||   104
